 Dungeon Crawl Stone Soup version 0.32-a0-571-gec57dfcd37 (webtiles) character file.

Game seed: 5881201340088850800

560 gimp the Ruffian (level 7, -5/55 HPs)
             Began as a Barachi Shapeshifter on Feb 29, 2024.
             Slain by a killer bee (8 damage)
             ... on level 6 of the Dungeon.
             The game lasted 00:10:22 (2645 turns).

gimp the Ruffian (Barachi Shapeshifter)             Turns: 2645, Time: 00:10:22

Health: -5/55      AC:  2    Str: 16    XL:     7   Next: 31%
Magic:  7/7        EV: 13    Int: 10    God:
Gold:   20         SH:  0    Dex: 13    Spells: 6/6 levels left

rFire   . .          .
                       - Unarmed
rCold   . . .        (no shield)
rNeg    . . .        a - +0 animal skin
rPois   .            (helmet currently unavailable)
rElec   .            (cloak currently unavailable)
rCorr   .            (gloves currently unavailable)
SInv    .            (boots currently unavailable)
Will    .....        (no amulet)
Stlth   +            (no ring)
HPRegen 0.29/turn    (no ring)
MPRegen 0.10/turn

%: no passive effects
@: beast-form, on berserk cooldown, slowed, very slow
A: beast (slay +2), amphibious, slowness 1, strong legs 1, +LOS
a: Hop, Begin Untransformation


You were on level 6 of the Dungeon.
You were a hulking beast.
You visited 1 branch of the dungeon, and saw 5 of its levels.

You collected 191 gold pieces.
You spent 171 gold pieces at shops.

Inventory:

Armour
 a - a +0 animal skin (worn)
 q - a +1 cloak
 r - a +0 cloak
Talismans
 c - a beast talisman (active)
 d - a flux talisman
Scrolls
 b - a scroll of fear
 e - a scroll of immolation {unknown}
 f - 2 scrolls of poison {unknown}
 g - a scroll of amnesia {unknown}
 h - 2 scrolls of summoning {unknown}
 i - a scroll of identify {unknown}
 m - 3 scrolls of acquirement {unknown}
 o - a scroll of enchant armour {unknown}
Potions
 j - 2 potions of might
 k - a potion of curing
 n - a potion of enlightenment {unknown}
 p - 2 potions of berserk rage
 s - a potion of heal wounds


   Skills:
 + Level 4.5 Fighting
 + Level 4.5 Dodging
 + Level 5.3 Unarmed Combat
 + Level 5.0 Shapeshifting


You had 6 spell levels left.
You didn't know any spells.
Your spell library contained the following spells:

 Spells                   Type           Power      Damage    Failure   Level
 Leda's Liquefaction      Alch/Erth      0%         N/A       98%         4
 Lee's Rapid Deconstruct  Erth           0%         3d4*      100%        5
 Bombard                  Conj/Erth      0%         9d1       100%        6


Dungeon Overview and Level Annotations

Branches:
Dungeon (6/15)
 Temple: D:4-7

Altars:

Shops:
D:6 *!*

Annotations:
D:4 1 runed translucent door


Innate Abilities, Weirdness & Mutations

You are a hulking beast.
Your limbs bulge with bestial killing power. (Slay +2)
You are amphibious.
You cover ground slowly.
You can hop short distances.
You have an extended range of vision and can be seen from far away.


Message History

You feel sick.
You are no longer poisoned.
No target in view!
You start resting.
HP restored.
Health restored: 55 You see here an adder corpse.
A killer bee comes into view. 2 killer bees come into view.
Found Gustrito's General Store.
The killer bee buzzes angrily.
You hear an angry buzzing noise.
The killer bee moves out of view.
Okay, then.
A red film seems to cover your vision as you go berserk!
You feel yourself moving faster!
You feel mighty! The killer bee closely misses you. The killer bee stings you.
The killer bee closely misses you.
A killer bee comes into view.
The killer bee completely misses you.
You now have 80/82 hp.
The killer bee buzzes angrily.
You punch the killer bee!
The killer bee is almost dead.
The killer bee stings you but does no damage.
The killer bee stings you.
You take 4 damage, and have 76/82 hp.
You miss the killer bee.
The killer bee is almost dead.
The killer bee barely misses you. x2
You barely miss the killer bee.
The killer bee is almost dead.
The killer bee misses you. x2
You barely miss the killer bee.
The killer bee is almost dead.
The killer bee closely misses you. The killer bee barely misses you.
The killer bee stings you.
You are poisoned.
The killer bee poisons you! The killer bee closely misses you.
You take 5 damage, and have 71/82 hp.
You punch the killer bee!
You kill the killer bee!
You feel sick. The killer bee closely misses you.
The killer bee barely misses you.
You take 2 damage, and have 69/82 hp.
You miss the killer bee. Your punch misses the killer bee.
You feel sick. The killer bee closely misses you.
You take 1 damage, and have 68/82 hp.
You miss the killer bee.
You feel sick.
The killer bee stings you but does no damage.
The killer bee closely misses you. The killer bee stings you.
You are more poisoned.
The killer bee poisons you!
You take 2 damage, and have 66/82 hp.
You completely miss the killer bee.
You feel sick. The killer bee stings you! The killer bee stings you.
The killer bee barely misses you. The killer bee stings you.
The killer bee completely misses you. The killer bee stings you!
You are more poisoned.
The killer bee poisons you!
You take 22 damage, and have 44/82 hp.
MASSIVE DAMAGE!!
You punch the killer bee!
The killer bee is heavily wounded.
You feel very sick. The killer bee misses you. The killer bee stings you. x2
You take 9 damage, and have 35/82 hp.
You are too injured to fight recklessly!
You are too injured to fight recklessly!
You are too injured to fight recklessly!
You hit the killer bee.
The killer bee is severely wounded.
You feel very sick. The killer bee closely misses you.
The killer bee stings you. The killer bee stings you!
* * * LOW HITPOINT WARNING * * *
You take 13 damage, and have 22/82 hp.
You pummel the killer bee!!
You kill the killer bee!
You feel sick. The killer bee closely misses you. x2
Your Shapeshifting skill increases to level 5!
You take 2 damage, and have 20/82 hp.
You feel very sick. The killer bee closely misses you.
The killer bee misses you. The killer bee stings you.
* * * LOW HITPOINT WARNING * * *
The killer bee completely misses you.
You see here a killer bee corpse.
You take 6 damage, and have 14/82 hp.
You feel a strong urge to attack something.
You are no longer berserk.
You are exhausted.
You feel yourself slow down.
* * * LOW HITPOINT WARNING * * *
You feel very sick. The killer bee stings you.
* * * LOW HITPOINT WARNING * * *
You now have 2/55 hp.
You feel better. The killer bee stings you!
* * * LOW HITPOINT WARNING * * *
The killer bee closely misses you. The killer bee stings you!
You die...

#..##########.#
#####........†....#
.........#+#..##..#
#####...## #####..#
...##...# #..#
##.##...# #..#
#...# #.†#
#...##.#####yy#
#..[........h.# ..
...........#..# #..
###..#.###.#..# .
.... .....# .#
##.#... .[ #.#..#.
.. .∩...... ..##.#
## ## .#


You could see 2 killer bees.

Vanquished Creatures
  A black bear (D:6)
  An ogre (D:6)
  A centaur (D:6)
  A bullfrog (D:4)
  2 killer bees (D:6)
  A sleepcap (D:6)
  4 adders
  2 gnolls (D:4)
  2 dart slugs (D:1)
  A ribbon worm (D:3)
  4 orcs
  8 ball pythons
  3 endoplasms
  2 giant cockroaches
  5 goblins
  4 hobgoblins
  4 jackals (D:1)
  8 kobolds
  2 quokkas (D:1)
  5 bats
  A frilled lizard (D:2)
  2 rats
64 creatures vanquished.

Notes
Turn   | Place    | Note
-------+----------+-------------------------------------------
     0 | D:1      | gimp the Barachi Shapeshifter began the quest for the Orb.
     0 | D:1      | Reached XP level 1. HP: 15/15 MP: 1/1
    66 | D:1      | Reached XP level 2. HP: 11/21 MP: 2/2
   175 | D:1      | Noticed a great orb of eyes
   178 | D:1      | Found a faded altar of an unknown god.
   178 | D:1      | Noticed a shining eye
   179 | D:1      | Noticed a shining eye
   179 | D:1      | Noticed a great orb of eyes
   445 | D:1      | Reached XP level 3. HP: 22/27 MP: 3/3
  1610 | D:3      | Reached XP level 4. HP: 34/34 MP: 4/4
  2076 | D:4      | Noticed a bullfrog
  2076 | D:4      | Found a large runed translucent door.
  2081 | D:4      | Killed a bullfrog
  2082 | D:4      | Reached XP level 5. HP: 41/41 MP: 5/5
  2315 | D:4      | You fall into a shaft and drop 2 floors!
  2316 | D:6      | Noticed a water moccasin
  2318 | D:6      | Noticed a black bear
  2338 | D:6      | Killed a black bear
  2339 | D:6      | Reached XP level 6. HP: 21/47 MP: 6/6
  2377 | D:6      | HP: 3/72 [ogre/+0 giant club (20)]
  2380 | D:6      | Reached skill level 5 in Unarmed Combat
  2380 | D:6      | Reached XP level 7. HP: 17/54 MP: 7/7
  2534 | D:6      | Found Falym's General Store.
  2538 | D:6      | Bought a scroll of fear for 44 gold pieces
  2538 | D:6      | Bought a potion of berserk rage for 55 gold pieces
  2557 | D:6      | Found Ucsaicvepu's Distillery.
  2563 | D:6      | Bought a potion of heal wounds for 60 gold pieces
  2563 | D:6      | Bought a potion of degeneration for 12 gold pieces
  2628 | D:6      | Found Gustrito's General Store.
  2643 | D:6      | Reached skill level 5 in Shapeshifting
  2644 | D:6      | HP: 2/55 [killer bee (5)]
  2645 | D:6      | Slain by a killer bee

Illustrated notes

Levels and vault maps discovered:
D:1:      mainiacjoe_arrival_oval_in_oval, layout_basic,
          hellmonk_ecumenical_altar_watching_god, minmay_splitting_lines,
          grunt_decor_arrowhead, glass_columns_a
D:2:      layout_rooms
D:3:      layout_loops_cross, chequers_serial_rivers_micro_b
D:4:      layout_rooms, roderic_lattice_a, minmay_hollow_rounded_squares
D:6:      layout_basic, serial_shops, nicolae_shop_advertising_works
          [nicolae_subvault_shop_adworks], kennysheep_mini,
          nicolae_shop_tiny_real_fake_doors, shop,
          minmay_misc_feat_more_columns, lexackson_kobold_supper

Skill      XL: |  1  2  3  4  5  6  7 |
---------------+----------------------+-----
Fighting       | 2 3 4 |  4.5
Unarmed Combat | 4 5 |  5.3
Dodging        | 3 4 |  4.5
Shapeshifting  | 4 5 |  5.0

Action                     |  1- 3 |  4- 6 |  7- 9 || total
---------------------------+-------+-------+-------++-------
  Melee: Unarmed           |    99 |    73 |    19 ||   191
         Punch             |     1 |     4 |       ||     5
    Use: Potion            |       |     4 |     2 ||     6
   Stab: Sleeping          |       |     2 |       ||     2
 Armour: Animal skin       |    56 |    36 |    21 ||   113
         Skin              |       |    58 |     1 ||    59
  Dodge: Dodged            |    55 |    35 |    28 ||   118

Table legend: (Time is in decaauts)
 A = Elapsed time spent in this place.
 B = Non-inter-level travel time spent in this place.
 C = Inter-level travel time spent in this place.
 D = Time resting spent in this place.
 E = Time spent auto-exploring this place.
 F = Levels seen in this place.
 G = Mean time per level.
                   A        B        C        D        E       F      G
               +--------+--------+--------+--------+--------+-----+--------+
         Total |   2969 |   2889 |     80 |     37 |   2264 |   5 |  593.8 |
       Dungeon |   2969 |   2889 |     80 |     37 |   2264 |   5 |  593.8 |
               +--------+--------+--------+--------+--------+-----+--------+

Top non-repeatable levels by time:
     D:1: 1018 daAuts
     D:3: 891 daAuts
     D:2: 546 daAuts
     D:6: 341 daAuts
     D:4: 172 daAuts
